 Dungeon Crawl Stone Soup version 0.16.1-5-gaa23807 (webtiles) character file.

2463 vatarom the Destroyer (level 9, 0/62 HPs)
             Began as a Mottled Draconian Conjurer on Mar 28, 2015.
             Was a Follower of Vehumet.
             Succumbed to Ijyb's poison
             ... on level 7 of the Dungeon.
             The game lasted 00:17:34 (7005 turns).

vatarom the Destroyer (Mottled Draconian Conjurer)  Turns: 7005, Time: 00:17:35

Health: 0/62       AC: 11    Str: 10    XL:     9   Next: 26%
Magic:  32/32      EV: 12    Int: 19    God:    Vehumet [*.....]
Gold:   311        SH:  0    Dex: 15    Spells: 6 memorised, 2 levels left

rFire  + . .     SeeInvis .     f - +1 hand axe (flame)
rCold  . . .     Clarity  .     (armour unavailable)
rNeg   . . .     SustAb   .     (no shield)
rPois  .         Gourm    .     (helmet restricted)
rElec  .         Spirit   .     r - +0 cloak
rCorr  .         Warding  .     u - +1 pair of gloves {Dex+3}
rMut   .         Stasis   .     b - +0 pair of boots
MR     .....                    (no amulet)
Stlth  ++........               e - ring of magical power
                                a - ring of protection from fire

@: lethally poisoned (0 -> -9), not resistant to hostile enchantments,
unstealthy
A: breathe sticky flames, unfitting armour, cold-blooded, AC +7
a: Breathe Sticky Flame, Renounce Religion


You were on level 7 of the Dungeon.
You worshipped Vehumet.
Vehumet was aware of your devotion.
You were full.

You visited 2 branches of the dungeon, and saw 8 of its levels.
You also visited: Sewer.

You collected 405 gold pieces.
You spent 94 gold pieces at shops.

Inventory:

Hand weapons
 f - a +1 hand axe of flaming (weapon)
Armour
 b - a +0 pair of boots (worn)
 r - a +0 cloak (worn)
 u - a +1 pair of gloves of dexterity (worn)
Jewellery
 a - a ring of protection from fire (left hand)
 e - a ring of magical power (right hand)
 w - an uncursed ring of ice
Magical devices
 s - a wand of frost (48)
 x - a wand of lightning (7)
Scrolls
 j - 3 scrolls of remove curse
 k - 6 scrolls of identify
 l - 2 scrolls of fog
 m - a scroll of amnesia
 p - 3 scrolls of teleportation
Potions
 o - 4 potions of flight
 q - a potion of brilliance
 t - 2 potions of restore abilities
Books
 c - a book of Conjurations

   Spells                             Type                      Level
   a - Magic Dart                     Conjuration                  1
   b - Searing Ray                    Conjuration                  2
   c - Dazzling Spray                 Conjuration/Hexes            3
   d - Fulminant Prism                Conjuration/Hexes            4
   e - Iskenderun's Mystic Blast      Conjuration                  4
   f - Iskenderun's Battlesphere      Conjuration/Charms           5
Comestibles
 i - 4 slices of pizza


   Skills:
 - Level 1.7 Dodging
 - Level 1.7 Stealth
 - Level 6.5 Spellcasting
 + Level 10.6 Conjurations
 - Level 3.1 Charms


You had 2 spell levels left.
You knew the following spells:

 Your Spells              Type           Power        Failure   Level  Hunger
a - Magic Dart            Conj           ####         1%          1    None
b - Searing Ray           Conj           #####.       1%          2    None
c - Dazzling Spray        Conj/Hex       ####....     4%          3    ##.....
d - Iskenderun's Mystic   Conj           #####...     1%          4    ####...
e - Fulminant Prism       Conj/Hex       ####......   14%         4    ####...
f - Iskenderun's Battles  Conj/Chrm      ####....     21%         5    #####..


Dungeon Overview and Level Annotations

Branches:
Dungeon (7/15)             Temple (1/1) D:4

Altars:
Ashenzari
Cheibriados
Dithmenos
Gozag
Kikubaaqudgha
Makhleb
Nemelex Xobeh
Okawaru
Qazlal
Ru
Sif Muna
Trog
Vehumet
Xom
Zin
The Shining One
Lugonu

Shops:
D:4 [   D:6 !   D:7 }::?


Innate Abilities, Weirdness & Mutations

You can spit globs of burning liquid.
You can ignite nearby creatures when you spit burning liquid.
Your weird mottled scales are hard (AC +7).
Your body does not fit into most forms of armour.
Your cold-blooded metabolism reacts poorly to cold.


Message History

You feel sick.
* * * LOW HITPOINT WARNING * * *
You feel sick.
* * * LOW HITPOINT WARNING * * *
You feel sick.
* * * LOW HITPOINT WARNING * * *
You feel sick.
* * * LOW HITPOINT WARNING * * *
You feel sick.
* * * LOW HITPOINT WARNING * * *
You feel sick.
* * * LOW HITPOINT WARNING * * *
You feel sick.
* * * LOW HITPOINT WARNING * * *
You feel sick.
* * * LOW HITPOINT WARNING * * *
You feel sick.
* * * LOW HITPOINT WARNING * * *
You feel sick.
You die...

#............#
##'#.........#
.'∩..........#
.#.#.........#
.#....###....#
...#.# #.########
##..#.#
#.#......# #..#.#
#.#..###.#
#..#.###......#@#
#..#.....∩..#.#.#
..>...##.##.#.#.#
### #.##.# ..#
#....# #..
.....<#..# ...
#.####..# ##.
#....)# .#
#.###.# #


There were no monsters in sight!

Vanquished Creatures
  3 ice beasts
  An orc warrior (D:7)
  A phantom (D:6)
  5 ogres
  Sigmund (D:3)
  A centaur (D:6)
  A wyvern zombie (D:7)
  3 scorpions
  6 killer bees (D:7)
  2 crimson imps
  2 hounds
  4 orc priests
  2 iguanas
  6 orc wizards
  3 worker ants
  Natasha (thrice) (D:3)
  A merfolk avatar (Sewer)
  A siren (Sewer)
  Ijyb (D:7)
  4 river rats (Sewer)
  8 adders
  A shadow imp (D:6)
  A white imp (D:6)
  4 giant mites
  3 worms
  6 giant geckos
  2 oozes
  9 orcs
  3 ball pythons (Sewer)
  10 bats
  A bat zombie (D:5)
  7 giant cockroaches
  13 hobgoblins
  7 jackals
  4 quokkas
  A giant gecko skeleton (D:4)
  8 giant newts
  8 goblins
  2 goblin skeletons (D:6)
  A goblin zombie (D:6)
  2 hobgoblin zombies (D:6)
  13 kobolds
  A kobold zombie (D:6)
  2 orc skeletons (D:6)
  3 orc zombies (D:6)
  31 rats
202 creatures vanquished.

Vanquished Creatures (others)
  3 drowned souls (Sewer)
  2 fulminant prisms (D:7)
5 creatures vanquished.

Grand Total: 207 creatures vanquished

Notes
Turn   | Place    | Note
--------------------------------------------------------------
     0 | D:1      | vatarom, the Draconian Conjurer, began the quest for the Orb.
     0 | D:1      | Reached XP level 1. HP: 14/14 MP: 3/3
   267 | D:1      | Reached XP level 2. HP: 15/20 MP: 0/5
   356 | D:1      | Learned a level 2 spell: Searing Ray
   866 | D:1      | Reached XP level 3. HP: 24/26 MP: 5/8
   871 | D:1      | Learned a level 3 spell: Dazzling Spray
  1653 | D:3      | Found a sacrificial altar of Ru.
  1698 | D:3      | Noticed Natasha
  1704 | D:3      | Killed Natasha
  1704 | D:3      | Reached XP level 4. HP: 20/33 MP: 10/10
  1753 | D:3      | Found a stormy altar of Qazlal.
  2017 | D:3      | Noticed Natasha
  2022 | D:3      | Killed Natasha
  2036 | D:3      | Found a glowing drain.
  2040 | Sewer    | Entered a sewer
  2275 | Sewer    | Reached XP level 5. HP: 31/38 MP: 13/13
  2281 | Sewer    | Learned a level 4 spell: Iskenderun's Mystic Blast
  2476 | Sewer    | Reached skill level 5 in Conjurations
  2681 | Sewer    | Noticed a drowned soul
  2682 | Sewer    | Noticed a drowned soul
  2684 | Sewer    | Killed a drowned soul
  2685 | Sewer    | Noticed a drowned soul
  2686 | Sewer    | Killed a drowned soul
  2688 | Sewer    | Noticed a drowned soul
  2688 | Sewer    | Killed a drowned soul
  2689 | Sewer    | Noticed a drowned soul
  2690 | Sewer    | Noticed a drowned soul
  2690 | Sewer    | Noticed a drowned soul
  2690 | Sewer    | Reached XP level 6. HP: 35/45 MP: 3/16
  2711 | Sewer    | Learned a level 4 spell: Fulminant Prism
  2918 | D:3      | Noticed Sigmund
  2934 | D:3      | Killed Sigmund
  2934 | D:3      | Reached skill level 5 in Spellcasting
  3094 | D:3      | Found a shadowy altar of Dithmenos.
  3165 | D:3      | Noticed Natasha
  3167 | D:3      | Killed Natasha
  3354 | D:4      | Reached skill level 6 in Conjurations
  3462 | D:4      | Your scales start taking on a weird mottled pattern.
  3462 | D:4      | Reached XP level 7. HP: 21/50 MP: 5/19
  3656 | D:4      | Found Muaviuto's Antique Armour Shoppe.
  3663 | D:4      | Bought a pair of embroidered gloves for 94 gold pieces
  4062 | D:4      | Reached skill level 7 in Conjurations
  4165 | D:4      | Learned a level 5 spell: Iskenderun's Battlesphere
  4202 | D:4      | Found a staircase to the Ecumenical Temple.
  4386 | D:5      | Entered Level 5 of the Dungeon
  4624 | D:5      | Reached XP level 8. HP: 52/57 MP: 22/22
  4932 | D:4      | Reached skill level 1 in Charms
  5231 | Temple   | Entered the Ecumenical Temple
  5263 | Temple   | Became a worshipper of Vehumet
  5463 | D:6      | Found Titreuf's Distillery.
  5501 | D:6      | Reached skill level 8 in Conjurations
  5608 | D:6      | Found a sparkling altar of Nemelex Xobeh.
  5821 | D:6      | Reached skill level 9 in Conjurations
  5968 | D:6      | Found a burning altar of Makhleb.
  5972 | D:6      | Found a bloodstained altar of Trog.
  6024 | D:6      | Found a glowing golden altar of the Shining One.
  6036 | D:6      | Acquired Vehumet's first power
  6036 | D:6      | Offered knowledge of Shock by Vehumet.
  6392 | D:7      | Reached XP level 9. HP: 62/62 MP: 16/23
  6542 | D:7      | Found an iron altar of Okawaru.
  6631 | D:7      | Found Doel's Book Shoppe.
  6636 | D:7      | Reached skill level 10 in Conjurations
  6880 | D:7      | Found Uluvi's Gadget Boutique.
  6910 | D:7      | Found Giph's Book Emporium.
  6964 | D:7      | Found Daikil's Magic Scroll Boutique.
  6974 | D:7      | Noticed Ijyb
  6988 | D:7      | Killed Ijyb
  7002 | D:7      | HP: 3/62 [poisoned by Ijyb]
  7004 | D:7      | HP: 1/62 [poisoned by Ijyb]
  7005 | D:7      | Succumbed to Ijyb's poison

Action                   |  1- 3 |  4- 6 |  7- 9 || total
-------------------------+-------+-------+-------++-------
Melee: Unarmed           |    41 |       |       ||    41
       Whip              |    60 |       |       ||    60
       Hand axe          |    25 |   120 |   187 ||   332
 Cast: Magic Dart        |    45 |    22 |     7 ||    74
       Searing Ray       |     1 |    10 |     4 ||    15
       Dazzling Spray    |     1 |    14 |    13 ||    28
       Iskenderun's Myst |       |     7 |    36 ||    43
       Iskenderun's Batt |       |       |     5 ||     5
       Fulminant Prism   |       |       |     2 ||     2
 Abil: Breathe Sticky Fl |       |       |     6 ||     6
Evoke: Wand              |       |     1 |       ||     1
  Use: Scroll            |     6 |     3 |     4 ||    13
       Potion            |     6 |     2 |     1 ||     9
 Stab: Sleeping          |       |     3 |     4 ||     7
       Invisible         |       |     2 |     1 ||     3
  Eat: Bread ration      |     1 |       |     1 ||     2
       Meat ration       |       |     3 |     2 ||     5
       Beef jerky        |       |       |     2 ||     2
